 Dungeon Crawl Stone Soup version 0.23.0-3-gf3c87f2 (webtiles) character file.

Game seed: 15332676532227910822

195 wolfsongas the Covered (level 5, 0/47 HPs)
             Began as a Gnoll Wanderer on Feb 22, 2019.
             Slain by an orc
             ... wielding a +0 flail
              (8 damage)
             ... on level 3 of the Dungeon.
             The game lasted 00:03:21 (2679 turns).

wolfsongas the Covered (Gnoll Wanderer)             Turns: 2679, Time: 00:03:22

Health: 0/47       AC:  6    Str: 14    XL:     5   Next: 74%
Magic:  7/7        EV: 11    Int: 20    God:
Gold:   186        SH:  0    Dex: 15    Spells: 7/7 levels left

rFire    x . .     SeeInvis .   e - +0 quarterstaff
rCold    + . .     Gourm    .   (shield currently unavailable)
rNeg     . . .     Faith    .   d - +0 ring mail
rPois    .         Spirit   .   (helmet restricted)
rElec    .         Reflect  .   (no cloak)
rCorr    .         Harm     .   (no gloves)
MR       .....                  (no boots)
Stlth    ++........             (no amulet)
HPRegen  0.15/turn              g - ring of ice
MPRegen  0.10/turn              (no ring)

@: brilliant
A: distributed training, fangs 1, horns 1, camouflage 1, strong nose
a: no special abilities


You were on level 3 of the Dungeon.
You were not hungry.

You visited 1 branch of the dungeon, and saw 3 of its levels.

You collected 186 gold pieces.

Inventory:

Hand Weapons
 a - a +2 shortbow
 e - a +0 quarterstaff (weapon)
Missiles
 b - 74 arrows
Armour
 d - a +0 ring mail (worn)
Jewellery
 g - a ring of ice (left hand)
Wands
 j - a wand of paralysis (7)
Scrolls
 c - a scroll of identify
 h - 2 scrolls of remove curse
Potions
 i - 2 potions of brilliance
Comestibles
 f - 8 rations
 k - a chunk of flesh


   Skills:
 + Level 6.7 Fighting
 + Level 1.6 Short Blades
 + Level 1.6 Long Blades
 + Level 1.6 Axes
 + Level 1.6 Maces & Flails
 + Level 3.0 Polearms
 + Level 1.6 Staves
 + Level 1.6 Slings
 + Level 3.0 Bows
 + Level 1.6 Crossbows
 + Level 4.8 Throwing
 + Level 6.7 Armour
 + Level 1.6 Dodging
 + Level 1.6 Stealth
 + Level 1.6 Shields
 + Level 1.6 Unarmed Combat
 + Level 1.6 Spellcasting
 + Level 1.2 Conjurations
 + Level 1.2 Hexes
 + Level 1.2 Charms
 + Level 1.2 Summonings
 + Level 1.2 Necromancy
 + Level 1.2 Translocations
 + Level 1.2 Transmutations
 + Level 1.2 Fire Magic
 + Level 1.2 Ice Magic
 + Level 1.2 Air Magic
 + Level 1.2 Earth Magic
 + Level 1.2 Poison Magic
 + Level 1.8 Invocations
 + Level 1.6 Evocations


You had 7 spell levels left.
You didn't know any spells.
Your spell library was empty.

Dungeon Overview and Level Annotations

Branches:
Dungeon (3/15)

Altars:
Fedhas
Okawaru


Innate Abilities, Weirdness & Mutations

Your experience applies equally to all skills.
You have very sharp teeth.
Your uncanny sense of smell can sniff out nearby items.
You have a pair of small horns on your head.
Your skin changes colour to match your surroundings (Stealth+).


Message History

You are too injured to fight recklessly!
You are too injured to fight recklessly!
You are too injured to fight recklessly!
You are too injured to fight recklessly!
You feel clever all of a sudden.
The orc priest invokes the aid of Beogh against you.
Beogh smites you!
* * * LOW HITPOINT WARNING * * *
The orc priest hits you but does no damage.
Your library has no spells.
Okay, then.
You are too injured to fight recklessly!
You hit the orc but do no damage. You headbutt the orc.
The orc is severely wounded.
The orc hits you but does no damage.
The orc priest miscasts a cantrip.
You closely miss the orc priest. Your bite misses the orc priest.
The orc priest is moderately wounded.
The orc hits you with a +0 flail!
You die...

.........# #.......#
#........# #(......#
#........# ##.##.####
#........#####..##.#
...................## #
.................)<.###
######)..........)....
####................
#oo@o...............
#...##o............... #.$
..r..?............ ...
###............).. ... ∆
............#... ...
#.......#######.....
..##.##........ .>........
....##..#..........####.....
........>....# #.# #.#...


You could see 2 orc priests, an orc wizard, an orc and a rat.

Vanquished Creatures
  An orc wizard (D:3)
  Ijyb (D:3)
  5 adders
  An ooze (D:3)
  A worm (D:2)
  4 dart slugs
  2 leopard geckos
  3 orcs (D:3)
  A ball python (D:1)
  7 giant cockroaches
  10 goblins
  6 hobgoblins
  4 jackals (D:1)
  3 kobolds
  3 quokkas
  5 bats (D:1)
  A frilled lizard (D:1)
  17 rats
75 creatures vanquished.

Notes
Turn   | Place    | Note
-------+----------+-------------------------------------------
     0 | D:1      | wolfsongas the Gnoll Wanderer began the quest for the Orb.
     0 | D:1      | wolfsongas set off with the following items: a +2 shortbow,
                  | 23 arrows, a +0 spear, a +0 ring mail, a ration
     0 | D:1      | Reached XP level 1. HP: 23/23 MP: 1/1
    99 | D:1      | Reached XP level 2. HP: 29/29 MP: 2/2
   324 | D:1      | Reached XP level 3. HP: 32/35 MP: 3/3
   866 | D:1      | Reached skill level 1 in Invocations
   938 | D:1      | Gained mutation: Your mind is acute. (Int +2) [potion of
                  | mutation]
   938 | D:1      | Lost mutation: Your mind is acute. (Int +2) [potion of
                  | mutation]
   938 | D:1      | Gained mutation: You have a pair of small horns on your
                  | head. [potion of mutation]
   938 | D:1      | Gained mutation: Your skin changes colour to match your
                  | surroundings (Stealth+). [potion of mutation]
  1280 | D:2      | Reached skill level 1 in Short Blades
  1280 | D:2      | Reached skill level 1 in Long Blades
  1280 | D:2      | Reached skill level 1 in Axes
  1280 | D:2      | Reached skill level 1 in Maces & Flails
  1280 | D:2      | Reached skill level 1 in Staves
  1280 | D:2      | Reached skill level 1 in Slings
  1280 | D:2      | Reached skill level 1 in Crossbows
  1280 | D:2      | Reached skill level 1 in Dodging
  1280 | D:2      | Reached skill level 1 in Stealth
  1280 | D:2      | Reached skill level 1 in Shields
  1280 | D:2      | Reached skill level 1 in Unarmed Combat
  1280 | D:2      | Reached skill level 1 in Spellcasting
  1280 | D:2      | Reached skill level 1 in Evocations
  1288 | D:2      | Reached XP level 4. HP: 34/41 MP: 5/5
  1646 | D:2      | Reached skill level 1 in Conjurations
  1646 | D:2      | Reached skill level 1 in Hexes
  1646 | D:2      | Reached skill level 1 in Charms
  1646 | D:2      | Reached skill level 1 in Summonings
  1646 | D:2      | Reached skill level 1 in Necromancy
  1646 | D:2      | Reached skill level 1 in Translocations
  1646 | D:2      | Reached skill level 1 in Transmutations
  1646 | D:2      | Reached skill level 1 in Fire Magic
  1646 | D:2      | Reached skill level 1 in Ice Magic
  1646 | D:2      | Reached skill level 1 in Air Magic
  1646 | D:2      | Reached skill level 1 in Earth Magic
  1646 | D:2      | Reached skill level 1 in Poison Magic
  1957 | D:2      | Found an iron altar of Okawaru.
  1986 | D:3      | Reached XP level 5. HP: 22/47 MP: 5/7
  2289 | D:3      | Noticed Ijyb
  2294 | D:3      | Paralysed by Ijyb for 7 turns
  2306 | D:3      | Killed Ijyb
  2414 | D:3      | Found a blossoming altar of Fedhas.
  2679 | D:3      | Slain by an orc

Skill      XL: |  1  2  3  4  5 |
---------------+----------------+-----
Invocations    | 1 |  1.8
Short Blades   | 1 |  1.6
Long Blades    | 1 |  1.6
Axes           | 1 |  1.6
Maces & Flails | 1 |  1.6
Staves         | 1 |  1.6
Slings         | 1 |  1.6
Crossbows      | 1 |  1.6
Dodging        | 1 |  1.6
Stealth        | 1 |  1.6
Shields        | 1 |  1.6
Unarmed Combat | 1 |  1.6
Spellcasting   | 1 |  1.6
Evocations     | 1 |  1.6
Conjurations   | 1 |  1.2
Hexes          | 1 |  1.2
Charms         | 1 |  1.2
Summonings     | 1 |  1.2
Necromancy     | 1 |  1.2
Translocations | 1 |  1.2
Transmutations | 1 |  1.2
Fire Magic     | 1 |  1.2
Ice Magic      | 1 |  1.2
Air Magic      | 1 |  1.2
Earth Magic    | 1 |  1.2
Poison Magic   | 1 |  1.2
Polearms       | 3 |  3.0
Bows           | 3 |  3.0
Fighting       | |  6.7
Throwing       | |  4.8
Armour         | |  6.7

Action                   |  1- 3 |  4- 6 || total
-------------------------+-------+-------++-------
Melee: Spear             |    27 |    37 ||    64
       Bite              |     3 |    11 ||    14
       Headbutt          |     2 |    20 ||    22
       Quarterstaff      |       |    82 ||    82
 Fire: Shortbow          |    68 |       ||    68
  Use: Potion            |     2 |     3 ||     5
       Scroll            |     1 |     4 ||     5
 Stab: Sleeping          |       |     5 ||     5
  Eat: Ration            |     1 |       ||     1
       Chunk             |       |     2 ||     2
Armor: Ring mail         |    25 |    58 ||    83
Dodge: Dodged            |    39 |    84 ||   123
